 Dungeon Crawl Stone Soup version 0.24.1-4-ge52af88ad5 (webtiles) character file.

Game seed: 101980155297532118, levelgen mode: deterministic

1561 funkygono the Shield-Bearer (level 8, -1/49 HPs)
             Began as a Gargoyle Fighter on Apr 13, 2020.
             Was a Believer of Okawaru.
             Slain by Prince Ribbit (4 damage)
             ... on level 7 of the Dungeon.
             The game lasted 00:12:47 (6129 turns).

funkygono the Shield-Bearer (Gargoyle Fighter)      Turns: 6129, Time: 00:12:47

Health: -1/49      AC: 14    Str: 27    XL:     8   Next: 89%
Magic:  8/8        EV:  9    Int:  8    God:    Okawaru [**....]
Gold:   262        SH: 11    Dex:  9    Spells: 7/7 levels left

rFire    + . .     SeeInvis .   a - +0 flail
rCold    + . .     Gourm    .   c - +0 shield
rNeg     + . .     Faith    .   A - +0 scale mail
rPois    ∞         Spirit   .   (no helmet)
rElec    +         Reflect  .   q - scarf {rC+ rF+}
rCorr    +         Harm     .   (no gloves)
MR       .....                  e - +0 pair of boots
Stlth    ..........             (no amulet)
HPRegen  0.16/turn              s - ring of resist corrosion
MPRegen  0.11/turn              D - +4 ring of strength

@: no status effects
A: negative energy resistance 1, electricity resistance, unbreathing,
petrification resistance, rot immunity, AC +5
a: Heroism, Renounce Religion


You were on level 7 of the Dungeon.
You worshipped Okawaru.
Okawaru was pleased with you.
You were not hungry.

You visited 2 branches of the dungeon, and saw 8 of its levels.

You collected 262 gold pieces.

Inventory:

Hand Weapons
 a - a +0 flail (weapon)
 b - a +1 hand crossbow
Missiles
 h - 193 stones (quivered)
 k - 26 bolts
 w - 48 arrows
Armour
 c - a +0 shield (worn)
 e - a +0 pair of boots (worn)
 q - a scarf of resistance (worn)
 A - a +0 scale mail (worn)
Magical Staves
 z - an uncursed staff of death {unknown}
Jewellery
 s - a ring of resist corrosion (left hand)
 D - a +4 ring of strength (right hand)
Wands
 u - a wand of flame (15)
 C - a wand of digging (13)
Scrolls
 j - 3 scrolls of teleportation
 n - 5 scrolls of remove curse
Potions
 d - a potion of might
 g - a potion of flight
 i - a potion of magic
 l - 2 potions of curing {unknown}
 m - a potion of lignification
 o - a potion of brilliance
 r - a potion of mutation {unknown}
 t - a potion of agility
 x - a potion of resistance {unknown}
 B - a potion of haste {unknown}
Comestibles
 f - 10 rations


   Skills:
 + Level 5.0 Fighting
 + Level 6.6 Maces & Flails
 + Level 2.5 Crossbows
 + Level 5.5 Armour
 + Level 2.0 Dodging
 + Level 0.5 Stealth
 + Level 6.8 Shields


You had 7 spell levels left.
You didn't know any spells.
Your spell library contained the following spells:

 Spells                   Type           Power        Failure   Level  Hunger
 Recall                   Summ/Tloc      N/A          100%        3    ####...
 Animate Dead             Necr           N/A          100%        4    #####..
 Borgnjor's Vile Clutch   Necr/Erth      #.........   100%        5    ######.
 Death Channel            Necr           #.........   100%        6    #######
 Simulacrum               Ice/Necr       #.........   100%        6    #######


Dungeon Overview and Level Annotations

Branches:
Dungeon (7/15)             Temple (1/1) D:6

Altars:
Ashenzari
Cheibriados
Dithmenos
Elyvilon
Fedhas
Gozag
Hepliaklqana
Kikubaaqudgha
Makhleb
Okawaru
Qazlal
Sif Muna
Trog
Uskayaw
Vehumet
Wu Jian
Xom
Yredelemnul
Zin
The Shining One

Annotations:
D:7 Prince Ribbit


Innate Abilities, Weirdness & Mutations

You are resistant to torment.
Your stone body is resilient. (AC +5)
You are immune to poison.
You resist negative energy. (rN+)
You are resistant to electric shocks. (rElec)
You can survive without breathing.
You are immune to petrification.
You are immune to rotting.


Message History

You miss Prince Ribbit.
Prince Ribbit blinks!
Prince Ribbit hits you but does no damage. x2
There is a stone staircase leading down here.
You miss Prince Ribbit. Prince Ribbit hits you!
You completely miss Prince Ribbit. You block Prince Ribbit's attack. x2
You hit Prince Ribbit.
Prince Ribbit is lightly wounded.
You block Prince Ribbit's attack.
You hit Prince Ribbit.
Prince Ribbit is moderately wounded.
Prince Ribbit closely misses you. Prince Ribbit hits you!
You closely miss Prince Ribbit.
Prince Ribbit is moderately wounded.
Prince Ribbit hits you!
* * * LOW HITPOINT WARNING * * *
You block Prince Ribbit's attack.
You barely miss Prince Ribbit.
Prince Ribbit is moderately wounded.
Prince Ribbit hits you.
You die...

####.#
#############..#.#
......F@.(..#..#.#
###########.#..#.#
#.#..#.# #.#..#.#
#.#..#.#.#
#.#....#.#
#.#...<#.#
#.#....#.#
#.#.##.#.#


You could see Prince Ribbit.

Vanquished Creatures
  A sky beast (D:6)
  A black bear (D:6)
  2 centaurs (D:5)
  A big kobold (D:4)
  7 wights (D:6)
  A howler monkey (D:4)
  A crimson imp (D:5)
  A bullfrog zombie (D:6)
  A hound (D:5)
  4 orc priests
  3 orc wizards
  An iguana (D:4)
  A bullfrog skeleton (D:5)
  5 worker ants
  Natasha (thrice) (D:3)
  A killer bee zombie (D:6)
  A gnoll (D:1)
  9 adders
  An ooze (D:4)
  An adder zombie (D:6)
  An adder skeleton (D:4)
  4 worms
  4 dart slugs
  5 leopard geckos
  21 orcs
  A ball python (D:1)
  6 bats
  5 giant cockroaches
  9 goblins
  11 hobgoblins
  11 jackals
  3 quokkas (D:2)
  7 frilled lizards
  A jackal skeleton (D:4)
  A jackal zombie (D:6)
  3 kobolds (D:1)
  7 rats
146 creatures vanquished.

Notes
Turn   | Place    | Note
-------+----------+-------------------------------------------
     0 | D:1      | funkygono the Gargoyle Fighter began the quest for the Orb.
     0 | D:1      | Reached XP level 1. HP: 14/14 MP: 1/1
   264 | D:1      | Reached XP level 2. HP: 19/19 MP: 2/2
   422 | D:1      | Reached XP level 3. HP: 24/24 MP: 3/3
  1037 | D:2      | Noticed a water elemental
  1038 | D:2      | Found a stormy altar of Qazlal.
  1040 | D:2      | Noticed an air elemental
  1040 | D:2      | Noticed a fire elemental
  1040 | D:2      | Noticed an earth elemental
  1069 | D:2      | Reached XP level 4. HP: 29/29 MP: 4/4
  1136 | D:2      | Found an iron altar of Okawaru.
  1140 | D:2      | Became a worshipper of Warmaster Okawaru
  1150 | D:2      | Found a shadowy altar of Dithmenos.
  1717 | D:3      | Noticed Natasha
  1729 | D:3      | Killed Natasha
  1729 | D:3      | Reached XP level 5. HP: 29/33 MP: 5/5
  1947 | D:3      | Noticed Natasha
  1963 | D:3      | Killed Natasha
  2116 | D:3      | Noticed Natasha
  2125 | D:3      | Killed Natasha
  2125 | D:3      | Reached XP level 6. HP: 34/38 MP: 6/6
  2686 | D:4      | Reached * piety under Okawaru
  2700 | D:4      | Reached skill level 1 in Dodging
  3037 | D:4      | Reached skill level 5 in Maces & Flails
  3037 | D:4      | Reached XP level 7. HP: 37/44 MP: 7/7
  3928 | D:5      | Entered Level 5 of the Dungeon
  4096 | D:5      | Reached skill level 5 in Shields
  4213 | D:5      | Found the +12 Vampire's Tooth {vamp}
  4239 | D:5      | Reached ** piety under Okawaru
  4239 | D:5      | Reached XP level 8. HP: 25/48 MP: 8/8
  4418 | D:5      | Reached skill level 5 in Armour
  5150 | D:6      | Reached skill level 5 in Fighting
  5169 | D:6      | Reached skill level 1 in Crossbows
  5848 | D:6      | Found a staircase to the Ecumenical Temple.
  5855 | Temple   | Entered the Ecumenical Temple
  6109 | D:7      | Noticed Prince Ribbit
  6129 | D:7      | Slain by Prince Ribbit

Levels and vault maps discovered:
D:1:      onia_arrival_mini_spirals, layout_basic, minivault_4
D:2:      layout_basic, amethyst_overflow_temple_binary,
          nicolae_qazlal_style_of_elements
D:3:      layout_loops_ring, first_ration, st_stairs_1, uniq_natasha
D:4:      layout_cave_pods
D:5:      layout_cave_pools
D:6:      layout_basic, minmay_temple_entry_gardened_gates,
          mrwooster_statue_mirror
D:7:      layout_basic, gammafunk_ghost_cemetery, uniq_prince_ribbit1
Temple:   compressed_dpeg_circular_temple

Skill      XL: |  1  2  3  4  5  6  7  8 |
---------------+-------------------------+-----
Maces & Flails | 3 4 5 6 |  6.6
Shields        | 4 5 6 |  6.8
Armour         | 4 5 |  5.5
Fighting       | 4 5 |  5.0
Dodging        | 1 2 |  2.0
Crossbows      | 2 |  2.5
Stealth        | |  0.5

Action                   |  1- 3 |  4- 6 |  7- 9 || total
-------------------------+-------+-------+-------++-------
Melee: Flail             |   151 |   283 |   268 ||   702
 Fire: Hand crossbow     |       |       |    30 ||    30
Invok: Heroism           |       |       |     2 ||     2
  Use: Scroll            |     2 |     5 |     5 ||    12
  Eat: Chunk             |     1 |     6 |     8 ||    15
       Ration            |       |       |     1 ||     1
Armor: Scale mail        |    83 |   117 |   130 ||   330
Dodge: Dodged            |    51 |    85 |   100 ||   236
Block: Shield            |    83 |   123 |   182 ||   388
